 Dungeon Crawl Stone Soup version 0.27-a0-1090-gb115f176c6 (webtiles) character file.

Game seed: 17686177062303605656

383 scammafunk the Ruffian (level 6, -1/62 HPs)
             Began as a Troll Monk on Apr 27, 2021.
             Was a Priest of Nemelex Xobeh.
             Slain by a water moccasin skeleton (3 damage)
             ... on level 3 of the Dungeon.
             The game lasted 00:10:56 (2065 turns).

scammafunk the Ruffian (Troll Monk)                 Turns: 2065, Time: 00:11:01

Health: -1/62      AC:  4    Str: 22    XL:     6   Next: 47%
Magic:  3/6        EV: 11    Int:  6    God:    Nemelex Xobeh [***...]
Gold:   86         SH:  0    Dex: 12    Spells: 5/5 levels left

rFire    . . .     SeeInvis .     - Unarmed
rCold    . . .     Faith    .   (no shield)
rNeg     . . .     Spirit   .   a - +0 robe
rPois    .         Reflect  .   (helmet restricted)
rElec    .         Harm     .   (no cloak)
rCorr    .         Rampage  .   (gloves unavailable)
Will     .....                  (boots unavailable)
Stlth    ++........             (no amulet)
HPRegen  1.20/turn              (no ring)
MPRegen  0.10/turn              (no ring)

@: no status effects
A: large, unfitting armour, claws 3, regeneration 1, shaggy fur 1, tough skin 1
a: Renounce Religion, Draw Escape, Draw Destruction, Draw Summoning, Triple Draw


You were on level 3 of the Dungeon.
You worshipped Nemelex Xobeh.
Nemelex Xobeh was most pleased with you.
You visited 1 branch of the dungeon, and saw 3 of its levels.

You collected 86 gold pieces.

Inventory:

Armour
 a - a +0 robe (worn)
Magical Staves
 j - a staff of fire
Wands
 h - a wand of polymorph (4)
Scrolls
 b - 2 scrolls of fear {unknown}
 c - a scroll of amnesia {unknown}
 d - a scroll of immolation {unknown}
 e - a scroll of magic mapping {unknown}
 f - a scroll of enchant weapon {unknown}
 k - a scroll of enchant armour {unknown}
 l - a scroll of teleportation {unknown}
 m - a scroll of vulnerability {unknown}
Potions
 g - 2 potions of brilliance {unknown}
 i - a potion of attraction {unknown}


   Skills:
 + Level 3.9 Fighting
 + Level 3.8 Dodging
 - Level 1.0 Stealth
 + Level 4.7 Unarmed Combat
 + Level 1.5 Invocations


You had 5 spell levels left.
You didn't know any spells.
Your spell library was empty.

Dungeon Overview and Level Annotations

Branches:
Dungeon (3/15)

Altars:
Nemelex Xobeh

Annotations:
D:3 1 transporter


Innate Abilities, Weirdness & Mutations

You are too large for most types of armour.
You have claws for hands.
Your natural rate of healing is unusually fast.
You are covered in fur. (AC +1)
You have tough skin. (AC +1)


Message History

The wyvern zombie is almost destroyed.
The centaur skeleton hits you.
The centaur skeleton closely misses you.
The water moccasin skeleton bites you. The wyvern zombie bites you!
* * * LOW HITPOINT WARNING * * *
The centaur skeleton closely misses you.
The centaur skeleton barely misses you. The water moccasin skeleton bites you.
* * * LOW HITPOINT WARNING * * *
You scratch the wyvern zombie.
The wyvern zombie is almost destroyed.
The wyvern zombie barely misses you. The centaur skeleton hits you.
* * * LOW HITPOINT WARNING * * *
The centaur skeleton barely misses you. The water moccasin skeleton bites you.
* * * LOW HITPOINT WARNING * * *
You draw... (choose one card, ? for their descriptions) a - Wild Magic
b - the Orb c - Pain You have drawn the Orb.
Press: ? - help, Shift-Dir - straight line, f - wyvern zombie
Aim: a wyvern zombie (almost destroyed)
The wavering orb of destruction weakly hits the wyvern zombie!
You blow up the wyvern zombie!
The centaur skeleton hits you.
* * * LOW HITPOINT WARNING * * *
The centaur skeleton kicks you but does no damage.
The water moccasin skeleton bites you!
* * * LOW HITPOINT WARNING * * *
Okay, then.
You fail to use your ability.
The centaur skeleton hits you but does no damage.
The centaur skeleton barely misses you.
The water moccasin skeleton closely misses you.
You draw a card...
You have drawn the Tomb.
Walls emerge from the floor!
The centaur skeleton hits you.
* * * LOW HITPOINT WARNING * * *
The centaur skeleton kicks you but does no damage.
The water moccasin skeleton bites you.
You die...
Your body glows slightly and disappears.

......##.##.#####.............#
......##........†..........##.#
......###.#############.....#..
......# #.#©..........#........
......# #.#...........#........
#.#######.#..###)###..#.....##.
#.# #.....#..#8#.#8#..#......#
#'###|....#....##Z....#...#....
...##....©#!...#@#....#©..#....
...##.....#$....#Z....#..#...##
........#.#..#8#.#8#..#.##....#
........#.#..###.###..#.# .....
........#[#...........#.# ....
........#.#...........#.. ..#
........#.#############...
........#..................
........# ............


You could see a water moccasin skeleton and a centaur skeleton.

Vanquished Creatures
  The ghost of noodleboyJ the Sneak, an amateur OpWn (D:3)
  A wyvern zombie (D:3)
  A centaur skeleton (D:3)
  Terence (D:2)
  Natasha (thrice) (D:2)
  3 adders
  A worm (D:2)
  2 dart slugs
  5 ball pythons
  5 bats
  6 endoplasms
  4 hobgoblins (D:2)
  7 jackals
  8 kobolds
  A quokka (D:2)
  2 frilled lizards
  2 goblins
53 creatures vanquished.

Notes
Turn   | Place    | Note
-------+----------+-------------------------------------------
     0 | D:1      | scammafunk the Troll Monk began the quest for the Orb.
     0 | D:1      | Reached XP level 1. HP: 22/22 MP: 0/0
   210 | D:1      | Reached XP level 2. HP: 29/29 MP: 1/1
   995 | D:2      | Noticed Terence
  1001 | D:2      | Reached XP level 3. HP: 34/36 MP: 2/2
  1005 | D:2      | Killed Terence
  1331 | D:2      | Reached XP level 4. HP: 45/45 MP: 3/3
  1372 | D:2      | Noticed Natasha
  1379 | D:2      | Killed Natasha
  1437 | D:2      | Noticed Natasha
  1445 | D:2      | Killed Natasha
  1446 | D:2      | Reached skill level 4 in Unarmed Combat
  1497 | D:2      | Found a faded altar of an unknown god.
  1500 | D:2      | Became a worshipper of Nemelex Xobeh the Trickster
  1500 | D:2      | Reached * piety under Nemelex Xobeh
  1500 | D:2      | Received a gift from Nemelex Xobeh
  1500 | D:2      | Reached ** piety under Nemelex Xobeh
  1500 | D:2      | Received a gift from Nemelex Xobeh
  1540 | D:2      | Reached XP level 5. HP: 53/53 MP: 4/4
  1600 | D:2      | Noticed Natasha
  1607 | D:2      | Killed Natasha
  1634 | D:2      | Received a gift from Nemelex Xobeh
  1672 | D:2      | Reached *** piety under Nemelex Xobeh
  2006 | D:3      | Found a transporter.
  2024 | D:3      | Found a transporter.
  2025 | D:3      | Noticed noodleboyJ's ghost (amateur OpWn)
  2048 | D:3      | Killed noodleboyJ's ghost
  2049 | D:3      | Reached skill level 1 in Invocations
  2049 | D:3      | Reached XP level 6. HP: 60/62 MP: 5/5
  2063 | D:3      | HP: 1/62 [water moccasin skeleton (7)]
  2065 | D:3      | Slain by a water moccasin skeleton

Illustrated notes

Levels and vault maps discovered:
D:1:      dpeg_arrival_leaves_temple_mockup, layout_loops_corners,
          minmay_close_crescents
D:2:      layout_basic, hellmonk_ecumenical_altar_inner_sanctum,
          minmay_statues_item, uniq_natasha, uniq_terence
D:3:      layout_basic, gammafunk_ghost_mausoleum, hangedman_decor_points,
          minmay_crystal_water

Skill      XL: |  1  2  3  4  5 |
---------------+----------------+-----
Fighting       | 3 |  3.9
Dodging        | 3 |  3.8
Unarmed Combat | 4 |  4.7
Invocations    | 1 |  1.5
Stealth        | |  1.0

Action                   |  1- 3 |  4- 6 || total
-------------------------+-------+-------++-------
Melee: Unarmed           |    59 |    78 ||   137
Invok: Draw Destruction  |       |     3 ||     3
       Triple Draw       |       |     1 ||     1
       Draw Escape       |       |     1 ||     1
 Stab: Sleeping          |     3 |     1 ||     4
Armor: Robe              |    31 |    43 ||    74
Dodge: Dodged            |    37 |    59 ||    96

Table legend: (Time is in decaauts)
 A = Elapsed time spent in this place.
 B = Non-inter-level travel time spent in this place.
 C = Inter-level travel time spent in this place.
 D = Time resting spent in this place.
 E = Time spent auto-exploring this place.
 F = Levels seen in this place.
 G = Mean time per level.
                   A        B        C        D        E       F      G
               +--------+--------+--------+--------+--------+-----+--------+
         Total |   2055 |   1974 |     81 |      0 |   1554 |   3 |  685.0 |
       Dungeon |   2055 |   1974 |     81 |      0 |   1554 |   3 |  685.0 |
               +--------+--------+--------+--------+--------+-----+--------+

Top non-repeatable levels by time:
     D:2: 959 daAuts
     D:1: 907 daAuts
     D:3: 188 daAuts
